 Dungeon Crawl Stone Soup version 0.28.0-43-g3370ac3207 (webtiles) character file.

Game seed: 6415325747449545095

4019 pkoi the Zephyrmancer (level 9, -1/71 HPs)
             Began as a Demigod Air Elementalist on Apr 2, 2022.
             Slain by a hornet (8 damage)
             ... on level 8 of the Dungeon.
             The game lasted 00:15:33 (10307 turns).

pkoi the Zephyrmancer (Demigod Air Elementalist)   Turns: 10307, Time: 00:15:33

Health: -1/71      AC:  7    Str:  9    XL:     9   Next: 74%
Magic:  2/20       EV: 13    Int: 29    God:
Gold:   488        SH:  0    Dex: 14    Spells: 7/17 levels left

rFire   . . .      SeeInvis .   f - +1 spear (venom)
rCold   . . .      Faith    .   (no shield)
rNeg    . . .      Spirit   .   a - +1 robe
rPois   .          Reflect  .   r - +2 helmet
rElec   .          Harm     .   (no cloak)
rCorr   .          Rampage  .   y - +0 pair of gloves
Will    .....                   (no boots)
Stlth   ++........              h - amulet of magic regeneration
HPRegen 0.21/turn               (no ring)
MPRegen 0.57/turn               (no ring)

@: lethally poisoned (-1 -> -24), slowed, very slow
A: high MP 1, forlorn, divine attributes
a: no special abilities


You were on level 8 of the Dungeon.
You visited 2 branches of the dungeon, and saw 9 of its levels.

You collected 488 gold pieces.

Inventory:

Hand Weapons
 c - a +0 dagger
 e - a +0 whip
 f - a +1 spear of venom (weapon)
Missiles
 d - 17 poisoned darts
 A - a throwing net
Armour
 a - a +1 robe (worn)
 r - a +2 helmet (worn)
 y - a +0 pair of gloves (worn)
Jewellery
 h - an amulet of magic regeneration (around neck)
Wands
 t - a wand of polymorph (6)
 v - a wand of iceblast (4)
 w - a wand of mindburst (12)
Scrolls
 b - a scroll of enchant weapon
 g - 3 scrolls of teleportation
 l - a scroll of magic mapping
 m - 2 scrolls of amnesia
 o - 4 scrolls of identify
 s - 2 scrolls of fog
 u - a scroll of blinking {unknown}
Potions
 i - 4 potions of curing
 j - 2 potions of invisibility {unknown}
 k - 3 potions of berserk rage {unknown}
 n - 2 potions of attraction {unknown}
 p - a potion of lignification {unknown}
 q - 2 potions of heal wounds {unknown}
 x - a potion of resistance
 z - a potion of magic {unknown}
 B - a potion of brilliance {unknown}
 C - 2 potions of mutation {unknown}


   Skills:
 + Level 4.0 Fighting
 + Level 4.6 Dodging
 - Level 1.7 Stealth
 + Level 4.0 Unarmed Combat
 + Level 4.9 Spellcasting
 - Level 0.8 Conjurations
 + Level 10.1 Air Magic


You had 7 spell levels left.
You knew the following spells:

 Your Spells              Type           Power      Damage    Failure   Level
a - Shock                 Conj/Air       100%       1d9       1%          1
b - Swiftness             Air            60%        N/A       1%          3
c - Static Discharge      Conj/Air       39%        N/A       1%          2
d - Airstrike             Air            30%        N/A       1%          4

Your spell library contained the following spells:

 Spells                   Type           Power      Damage    Failure   Level
 Ensorcelled Hibernation  Hex/Ice        14%        N/A       10%         2
 Scorch                   Fire           14%        2d5       10%         2
 Spider Form              Tmut/Pois      7%         N/A       19%         3
 Flame Wave               Conj/Fire      9%         2d5       45%         4
 Anguish                  Hex/Necr       3%         N/A       54%         4
 Summon Forest            Summ/Tloc      3%         N/A       87%         5
 Eringya's Noxious Bog    Tmut/Pois      3%         N/A       100%        6
 Summon Cactus Giant      Summ           3%         N/A       100%        6
 Summon Hydra             Summ           3%         N/A       100%        7


Dungeon Overview and Level Annotations

Branches:
Dungeon (8/15)             Temple (1/1) D:6
   Lair: D:8-11

Shops:
D:4 *=

Annotations:
D:8 Gastronok


Innate Abilities, Weirdness & Mutations

You have an increased reservoir of magic. (+10% MP)
You shall have no god before yourself.
Your divine heritage dramatically boosts your attributes as you level up.


Message History

The zap hits the hornet but does no damage.
The hornet is heavily wounded.
The zap hits the hornet.
The hornet is severely wounded.
You feel very sick. The hornet barely misses you. The hornet stings you!
* * * LOW HITPOINT WARNING * * *
You feel as though you will be slow longer.
Unknown command.
Unknown command.
Casting: Shock (safe; 1% risk of failure)
Confirm with . or Enter, or press ? or * to list all spells.
Aiming: Shock (safe; 1% risk of failure)
Press: ? - help, Shift-Dir - straight line The zap hits the hornet but does no damage.
The hornet is heavily wounded.
The zap hits the hornet.
The hornet is severely wounded.
You feel very sick. The hornet stings you!
* * * LOW HITPOINT WARNING * * *
You are lethally poisoned!
You feel as though you will be slow longer.
The hornet closely misses you.
Unknown command.
Unknown command.
Casting: Shock (safe; 1% risk of failure)
Confirm with . or Enter, or press ? or * to list all spells.
Aiming: Shock (safe; 1% risk of failure)
Press: ? - help, Shift-Dir - straight line The zap misses the hornet.
The zap hits the hornet.
The hornet is severely wounded.
* * * LOW HITPOINT WARNING * * *
You feel very sick. The hornet stings you.
* * * LOW HITPOINT WARNING * * *
You are more poisoned.
You feel as though you will be slow longer.
The hornet stings you!
You die...

#.>#.#......#.#
#.##h#.####.#.#
#.##.#.####.#.#
#.##.#......#.#
#.##.#..#.....#
#.##.#..#.#########
#.##...............
#y#######.#########
#.@.......##.......
############.######
#.# #.# #.# #.# #.#
##### #.# #<..# #.#


You could see a hornet.

Vanquished Creatures
  A deep elf pyromancer (D:8)
  A komodo dragon (D:8)
  A troll (D:6)
  Grinder (D:3)
  Sigmund (D:3)
  A steam dragon (D:6)
  3 water moccasins (D:8)
  A black bear (D:8)
  An ice beast (D:5)
  An orc warrior (D:8)
  2 necrophages
  An ogre (D:5)
  2 centaurs (D:5)
  2 bullfrogs (D:8)
  5 scorpions
  A gnoll sergeant (D:7)
  A water moccasin skeleton (D:5)
  3 killer bees (D:7)
  A bullfrog zombie (D:7)
  2 centaur zombies
  3 jellies (D:5)
  3 hounds (D:5)
  A bullfrog skeleton (D:5)
  2 orc priests
  2 centaur skeletons
  A scorpion zombie (D:5)
  5 iguanas
  6 orc wizards
  A killer bee zombie (D:6)
  11 gnolls
  5 adders
  2 shadow imps
  2 white imps
  An ufetubus (D:6)
  An adder skeleton (D:4)
  3 dart slugs
  14 orcs
  6 ball pythons
  A bat (D:1)
  5 endoplasms
  3 giant cockroaches
  3 goblins
  3 hobgoblins
  4 jackals (D:1)
  5 kobolds
  3 quokkas
  4 frilled lizards
  7 rats
139 creatures vanquished.

Vanquished Creatures (others)
  49 fungi (D:8)
  44 plants
93 creatures vanquished.

Grand Total: 232 creatures vanquished

Notes
Turn   | Place    | Note
-------+----------+-------------------------------------------
     0 | D:1      | pkoi the Demigod Air Elementalist began the quest for the
                  | Orb.
     0 | D:1      | Reached XP level 1. HP: 14/14 MP: 5/5
   523 | D:1      | Reached skill level 3 in Air Magic
   693 | D:1      | Reached XP level 2. HP: 18/20 MP: 1/7
  1659 | D:1      | Reached XP level 3. HP: 26/26 MP: 6/8
  1921 | D:2      | Reached skill level 4 in Air Magic
  2709 | D:3      | Noticed Grinder
  3067 | D:3      | Noticed Sigmund
  3447 | D:4      | Reached XP level 4. HP: 33/33 MP: 4/9
  3524 | D:4      | Learned a level 3 spell: Swiftness
  3527 | D:4      | Learned a level 2 spell: Static Discharge
  3726 | D:4      | Reached skill level 5 in Air Magic
  3990 | D:4      | Reached XP level 5. HP: 38/38 MP: 5/11
  4080 | D:4      | Found Akyklit's Mass Market.
  4085 | D:4      | Found Erituag's Jewellery Shop.
  4312 | D:5      | Entered Level 5 of the Dungeon
  4319 | D:5      | Noticed a centaur
  4414 | D:5      | Noticed an ice beast
  4838 | D:6      | Reached skill level 6 in Air Magic
  4838 | D:6      | Reached XP level 6. HP: 45/45 MP: 9/13
  4898 | D:6      | Learned a level 4 spell: Airstrike
  5075 | D:6      | Found a staircase to the Ecumenical Temple.
  5084 | Temple   | Entered the Ecumenical Temple
  5339 | D:6      | Noticed a steam dragon
  5358 | D:6      | Killed a steam dragon
  5359 | D:6      | Reached skill level 7 in Air Magic
  5359 | D:6      | Reached XP level 7. HP: 39/50 MP: 9/14
  5614 | D:5      | Reached skill level 8 in Air Magic
  6303 | D:5      | Reached skill level 9 in Air Magic
  6303 | D:5      | Reached XP level 8. HP: 49/57 MP: 10/15
  6580 | D:5      | Reached skill level 1 in Fighting
  6580 | D:5      | Reached skill level 1 in Unarmed Combat
  7146 | D:3      | Killed Sigmund
  7205 | D:3      | Killed Grinder
  7481 | D:6      | Noticed a troll
  7484 | D:6      | Killed a troll
  7776 | D:7      | Reached XP level 9. HP: 64/68 MP: 3/18
  7791 | D:7      | HP: 3/68 [poisoned by a killer bee]
  8930 | D:8      | Noticed Gastronok
  9731 | D:8      | Noticed a komodo dragon
  9758 | D:8      | Killed a komodo dragon
  9856 | D:8      | Reached skill level 10 in Air Magic
 10282 | D:8      | Noticed a deep elf pyromancer
 10286 | D:8      | Killed a deep elf pyromancer
 10307 | D:8      | Slain by a hornet

Illustrated notes

Levels and vault maps discovered:
D:1:      minmay_arrival_open_corners, layout_basic,
          shapermc_ecumenical_altar_gd
D:2:      layout_loops_cross
D:3:      layout_basic, lemuel_doored_altar, uniq_grinder, uniq_sigmund
D:4:      layout_cave_pools, mainiacjoe_overflow_alcove_2,
          minmay_shop_enchanted_jewellery, grunt_ministairs_13, minmay_shop_mass
D:5:      wad_river_or_something, layout_loops_ring, kennysheep_generic_room_5
D:6:      layout_basic, minmay_temple_entry_mist
D:7:      layout_basic
D:8:      layout_basic, grunt_temple_overflow_open, due_lair_maze_entry_diamond,
          uniq_gastronok
Temple:   regret_index_temple_mists

Skill      XL: |  1  2  3  4  5  6  7  8  9 |
---------------+----------------------------+-----
Air Magic      | 3 4 5 6 7 9 10 | 10.1
Spellcasting   | 2 3 4 |  4.9
Dodging        | 3 4 |  4.6
Fighting       | 2 4 |  4.0
Unarmed Combat | 2 4 |  4.0
Stealth        | |  1.7
Conjurations   | |  0.8

Action                   |  1- 3 |  4- 6 |  7- 9 || total
-------------------------+-------+-------+-------++-------
Melee: Dagger            |    19 |       |       ||    19
       Spear             |     6 |     5 |    14 ||    25
       Punch             |       |       |     2 ||     2
 Cast: Shock             |    93 |    98 |    14 ||   205
       Airstrike         |       |       |   161 ||   161
       Swiftness         |       |       |     2 ||     2
  Use: Scroll            |     4 |     6 |     2 ||    12
       Potion            |     1 |       |     1 ||     2
 Stab: Sleeping          |       |       |     1 ||     1
Armor: Robe              |     7 |    11 |    34 ||    52
Dodge: Dodged            |    31 |    18 |    70 ||   119
